 Dungeon Sprint DCSS version 0.21.2 (webtiles) character file.

1689 Fang the Fighter (level 9, -2/67 HPs)
             Began as a Gargoyle Berserker on Sept 27, 2018.
             Was a High Priest of Trog.
             Slain by a centaur warrior (7 damage)
             ... in the Dungeon (Sprint IX: "|||||||||||||||||||||||||||||").
             The game lasted 00:01:05 (431 turns).

Fang the Fighter (Gargoyle Berserker)                Turns: 431, Time: 00:01:06

Health: -2/67      AC: 19    Str: 24    XL:     9   Next: 2%
Magic:  9/9        EV: 11    Int:  8    God:    Trog [*****.]
Gold:   0          SH:  0    Dex: 12    Spells: 8/8 levels left

rFire    . . .     SeeInvis .   n - +3 war axe (chop)
rCold    . . .     Gourm    .   (no shield)
rNeg     + . .     Faith    .   q - +1 chain mail
rPois    ∞         Spirit   .   (no helmet)
rElec    +         Reflect  .   (no cloak)
rCorr    .         Harm     .   (no gloves)
MR       .....     NoTele   +   (no boots)
Stlth    ..........             (no amulet)
HPRegen  0.21/turn              o - +3 ring of dexterity
MPRegen  0.11/turn              p - +2 ring of protection

@: berserk cooldown, starving, slowed, very slow
A: negative energy resistance 1, electricity resistance, unbreathing,
petrification resistance, rot immunity, AC +6
a: Berserk, Trog's Hand, Brothers in Arms, Burn Spellbooks, Renounce Religion


You were in the Dungeon.
You worshipped Trog.
Trog was extremely pleased with you.
You were starving.

You visited 1 branch

Inventory:

Hand Weapons
 n - a +3 war axe of chopping (weapon)
Armour
 q - a +1 chain mail (worn)
Jewellery
 o - a +3 ring of dexterity (left hand)
 p - a +2 ring of protection (right hand)
Wands
 m - a wand of iceblast (10)
Scrolls
 i - 2 scrolls of blinking
 l - 3 scrolls of remove curse
Potions
 d - 5 potions of curing
 e - 3 potions of heal wounds
 f - a potion of haste
 g - 4 potions of magic
 h - a potion of berserk rage
 k - a potion of invisibility
Comestibles
 c - a ration


   Skills:
 + Level 12.6 Fighting
 + Level 12.1 Axes
 + Level 6.8 Armour
 + Level 6.1 Dodging


You had 8 spell levels left.
You didn't know any spells.

Dungeon Overview and Level Annotations

Branches:
Dungeon (1/1)

Altars:
Cheibriados
Dithmenos
Elyvilon
Fedhas
Gozag
Hepliaklqana
Kikubaaqudgha
Makhleb
Nemelex Xobeh
Okawaru
Qazlal
Ru
Sif Muna
Trog
Uskayaw
Vehumet
Wu Jian
Xom
Yredelemnul
Zin
The Shining One
Beogh
Jiyva
Lugonu


Innate Abilities, Weirdness & Mutations

You are resistant to torment.
Your stone body is resilient. (AC +6)
You are immune to poison.
You resist negative energy. (rN+)
You are resistant to electric shocks. (rElec)
You can survive without breathing.
You are immune to petrification.
You are immune to rotting.


Message History

Items here: ( )) [ † a great sword; a chain mail; an uncursed shortbow; 21 arrows an ugly thing corpse You completely miss the centaur warrior.
The centaur warrior closely misses you.
The centaur warrior hits you but does no damage.
Unknown command.
You hit the centaur warrior but do no damage.
The centaur warrior hits you but does no damage.
The centaur warrior hits you.
* * * LOW HITPOINT WARNING * * *
Unknown command.
You slash the centaur warrior!
The centaur warrior is moderately wounded.
The centaur warrior hits you.
* * * LOW HITPOINT WARNING * * *
The centaur warrior hits you but does no damage.
You butcher the ugly thing corpse.
The centaur warrior closely misses you. The centaur warrior hits you!
You die... ▓▓▓▓▓▓▓▓▓▓▓▓▓▓▓▓▓▓▓▓▓▓▓▓ .?|)[[[..).....(@cZ....+ ▓▓▓▓▓▓▓▓▓▓▓▓▓▓▓▓▓▓▓▓▓▓▓▓

You could see a centaur warrior and a leopard gecko skeleton.

Vanquished Creatures
  A death knight (D)
  An ugly thing (D)
  A hungry ghost (D)
  An orc warrior (D)
  A necrophage (D)
  2 centaurs (D)
  A bullfrog (D)
  A scorpion (D)
  A hound (D)
  A worker ant (D)
  A gnoll (D)
  An adder (D)
  A bat zombie (D)
  A giant cockroach (D)
  2 goblins (D)
  A hobgoblin (D)
  A ball python skeleton (D)
  A quokka skeleton (D)
20 creatures vanquished.

Notes
Turn   | Place    | Note
-------+----------+-------------------------------------------
     0 | D        | Fang the Gargoyle Berserker began the quest for the Orb.
     0 | D        | Reached XP level 1. HP: 14/14 MP: 1/1
    10 | D        | Reached ** piety under Trog
    12 | D        | Reached XP level 2. HP: 20/20 MP: 2/2
    65 | D        | Noticed a scorpion
    65 | D        | Noticed a centaur
    74 | D        | Reached *** piety under Trog
    74 | D        | Reached skill level 5 in Fighting
    74 | D        | Reached XP level 3. HP: 26/26 MP: 3/3
    77 | D        | Reached skill level 5 in Axes
    80 | D        | Killed a scorpion
    80 | D        | Reached XP level 4. HP: 32/32 MP: 4/4
    85 | D        | Killed a centaur
    85 | D        | Reached XP level 5. HP: 39/39 MP: 5/5
   235 | D        | Found a roughly hewn altar of Beogh.
   235 | D        | Found a snail-covered altar of Cheibriados.
   235 | D        | Found a shadowy altar of Dithmenos.
   235 | D        | Found a white marble altar of Elyvilon.
   235 | D        | Found a blossoming altar of Fedhas.
   235 | D        | Found an opulent altar of Gozag.
   236 | D        | Found a hazy altar of Hepliaklqana.
   237 | D        | Found a viscous altar of Jiyva.
   238 | D        | Found an ancient bone altar of Kikubaaqudgha.
   239 | D        | Found a corrupted altar of Lugonu.
   240 | D        | Found a burning altar of Makhleb.
   241 | D        | Found a sparkling altar of Nemelex Xobeh.
   242 | D        | Found an iron altar of Okawaru.
   243 | D        | Found a stormy altar of Qazlal.
   244 | D        | Found a sacrificial altar of Ru.
   245 | D        | Found a deep blue altar of Sif Muna.
   246 | D        | Found a bloodstained altar of Trog.
   247 | D        | Found a hide-covered altar of Uskayaw.
   248 | D        | Found a radiant altar of Vehumet.
   249 | D        | Found an ornate altar of the Wu Jian Council.
   250 | D        | Found a shimmering altar of Xom.
   251 | D        | Found a basalt altar of Yredelemnul.
   252 | D        | Found a glowing silver altar of Zin.
   253 | D        | Found a glowing golden altar of the Shining One.
   298 | D        | Noticed an orc warrior
   298 | D        | Noticed a necrophage
   302 | D        | Killed an orc warrior
   302 | D        | Reached **** piety under Trog
   302 | D        | Reached XP level 6. HP: 46/46 MP: 6/6
   304 | D        | Reached skill level 5 in Armour
   306 | D        | Killed a necrophage
   306 | D        | Reached skill level 10 in Fighting
   310 | D        | Reached XP level 7. HP: 52/52 MP: 7/7
   313 | D        | Reached ***** piety under Trog
   401 | D        | Noticed a hungry ghost
   401 | D        | Noticed a white ugly thing
   401 | D        | Noticed a death knight
   401 | D        | Noticed a centaur warrior
   414 | D        | Killed a hungry ghost
   414 | D        | Reached skill level 5 in Dodging
   418 | D        | Killed a white ugly thing
   418 | D        | Reached skill level 10 in Axes
   418 | D        | Reached XP level 8. HP: 49/60 MP: 8/8
   426 | D        | Killed a death knight
   426 | D        | Received a gift from Trog
   426 | D        | Reached XP level 9. HP: 21/67 MP: 9/9
   431 | D        | Slain by a centaur warrior

Skill      XL: |  1  2  3  4  5  6  7  8 |
---------------+-------------------------+-----
Axes           | 3 4 5 7 9 10 12 | 12.1
Fighting       | 4 5 6 8 9 10 11 12 | 12.6
Dodging        | 2 3 4 5 6 |  6.1
Armour         | 3 4 5 6 |  6.8

Action                   |  1- 3 |  4- 6 |  7- 9 || total
-------------------------+-------+-------+-------++-------
Melee: Hand axe          |    24 |     4 |       ||    28
       War axe           |       |    10 |    30 ||    40
Invok: Berserk           |     2 |     1 |     1 ||     4
  Eat: Chunk             |       |       |     1 ||     1
Armor: Animal skin       |     4 |     1 |       ||     5
       Chain mail        |       |     4 |     9 ||    13
Dodge: Dodged            |     9 |     4 |     9 ||    22
